AoeStats
← tom8to

Arena

508780398Analyzed
3v3 RM · 8d ago on Sep 24, 2026· 48m 49s· 6 players
Game mode
Random Map
Map size
Normal (6 player)
Population
200
Speed
Normal
Resources
Standard
Victory
Conquest
Starting age
Dark Age
Ending age
Imperial Age
RankedLock teamsTeams togetherTeam positionsShared explorationLock speedFull tech treeHidden civsTurbo modeCheats
Victory
Defeat
🇦🇷 Cumans · Argentina
1245
+6
🇦🇷 Britons · Argentina
835
+21
🇦🇷 Bohemians · Argentina
819
+21
🇺🇸 Cumans · United States
975
-16
🇺🇸 Sicilians · United States
966
-16
🇺🇸 Byzantines · United States
961
-16
martin.decharras
11:38 Feudal Age
13:27 Double-Bit Axe
16:39 Castle Age
22:31 Loom
26:49 Chemistry
28:29 Horse Collar
29:58 Wheelbarrow
38:09 Fletching
38:30 Forging
39:18 Ballistics
39:05 Pikeman
41:04 Hand Cart
42:26 Heavy Plow
42:39 Bow Saw
43:10 Iron Casting
48:47 Imperial Age
juanfacundomena
11:32 Feudal Age
17:39 Castle Age
21:44 Town Watch
26:14 Padded Archer Armor
27:08 Forging
31:12 Fletching
31:51 Pikeman
32:31 Squires
33:07 Arson
34:53 Squires
38:13 Scale Barding Armor
38:09 Scale Mail Armor
38:24 Leather Archer Armor
43:04 Imperial Age
41:32 Masonry
41:45 Ballistics
43:39 Halberdier
45:57 Town Patrol
45:46 Double-Bit Axe
45:43 Horse Collar
46:45 Wheelbarrow
45:56 Loom
46:54 Sappers
48:32 Conscription
48:00 Treadmill Crane
48:12 Guard Tower
ML1
6:27 Loom
9:02 Feudal Age
9:38 Double-Bit Axe
9:35 Horse Collar
15:34 Wheelbarrow
19:17 Gold Mining
22:36 Castle Age
21:30 Bloodlines
22:18 Scale Barding Armor
22:23 Forging
27:22 Chain Barding Armor
27:39 Iron Casting
28:38 Town Watch
30:54 Fletching
31:33 Bow Saw
32:01 Gold Shaft Mining
31:29 Heavy Plow
33:55 Hand Cart
33:43 Town Patrol
33:47 Padded Archer Armor
40:54 Imperial Age
37:55 Capped Ram
41:03 Cavalier
43:04 Paladin
44:47 Blast Furnace
44:23 Plate Barding Armor
tom8to
6:41 Loom
11:23 Feudal Age
11:48 Horse Collar
11:54 Double-Bit Axe
14:21 Fletching
16:19 Gold Mining
17:57 Padded Archer Armor
18:05 Padded Archer Armor
22:05 Castle Age
23:10 Bow Saw
23:02 Heavy Plow
22:28 Elite Skirmisher
23:38 Pikeman
25:32 Thumb Ring
25:40 Thumb Ring
27:49 Bodkin Arrow
30:54 Leather Archer Armor
39:21 Forging
39:11 Scale Mail Armor
mwbrom12
11:36 Feudal Age
12:46 Loom
13:37 Wheelbarrow
13:26 Scale Mail Armor
13:54 Horse Collar
23:31 Castle Age
21:26 Double-Bit Axe
23:47 Forging
23:38 Gold Mining
23:39 Stone Mining
24:06 Pikeman
27:56 Squires
29:14 Chain Mail Armor
29:27 Heavy Plow
29:50 Bow Saw
30:58 Hand Cart
39:53 Iron Casting
48:10 Imperial Age
49:35 Plate Mail Armor
50:07 Blast Furnace
Wyrdy
10:29 Feudal Age
11:18 Double-Bit Axe
15:47 Loom
16:12 Horse Collar
22:43 Castle Age
20:49 Gold Mining
21:34 Scale Barding Armor
22:22 Forging
23:34 Bloodlines
23:53 Chain Barding Armor
24:11 Heavy Plow
27:44 Wheelbarrow
28:34 Iron Casting
28:26 Bow Saw
31:13 Gold Shaft Mining
33:39 Fletching
34:16 Bodkin Arrow
34:53 Hand Cart
37:11 Imperial Age
34:47 Pikeman
37:16 Cavalier
38:33 Plate Barding Armor
42:10 Blast Furnace
42:50 Light Cavalry
45:30 Hussar
Connection lost

Rejoining the realm…

Still unreachable

The connection could not be restored.

Session expired

The server has moved on; the page needs a fresh start.